 Dungeon Crawl Stone Soup version 0.32-a0-7-ge934b4519a (webtiles) character file.

Game seed: 9559696642173808018

44 Xavori the Trooper (level 3, 21/21 (24) HPs)
             Began as a Djinni Chaos Knight on Jan 14, 2024.
             Was a Plaything of Xom.
             Quit the game on level 1 of the Dungeon.
             The game lasted 00:01:36 (10296 turns).

Xavori the Trooper (Djinni Chaos Knight)           Turns: 10296, Time: 00:01:37

HP:   21/21 (24)    AC:  6    Str:  8 (11) XL:     3   Next: 87%
Gold: 64            EV: 12    Int: 13      God:    Xom [......] SH:  0 Dex: 13 (14)

rFire   + + .        a - +0 falchion (chaos)
rCold   x . .        (no shield)
rNeg    . . .        b - +2 leather armour
rPois   ∞            k - +0 helmet
rElec   .            (no cloak)
rCorr   .            (no gloves)
SInv    +            (boots unavailable)
Will    .....        (no amulet)
Stlth   +            i - ring of see invisible
HPRegen 0.23/turn    (no ring)
MPRegen 0.00/turn

%: no passive effects
@: flying, heavily drained
A: sickness immunity, fire resistance 2, cold vulnerability 1, float, innate
caster, HP casting, extra vitality 1, see invisible, deterioration 1, frail 2,
no potion heal 1, inability to read after injury 1, persistent drain
a: Renounce Religion


You were on level 1 of the Dungeon.
You worshipped Xom.
You were a very special plaything of Xom.
You visited 1 branch of the dungeon, and saw 2 of its levels.

You collected 64 gold pieces.

Inventory:

Hand Weapons
 a - a +0 falchion of chaos (weapon)
Armour
 b - a +2 leather armour (worn)
 k - a +0 helmet (worn)
Jewellery
 i - a ring of see invisible (left hand)
Scrolls
 c - a scroll of butterflies
 g - a scroll of enchant weapon {unknown}
 j - a scroll of revelation {unknown}
 l - a scroll of identify {unknown}
Potions
 d - 2 potions of enlightenment {unknown}
 e - 2 potions of mutation {unknown}
 f - a potion of cancellation {unknown}
 h - a potion of invisibility {unknown}


   Skills:
 + Level 3.2 Fighting
 + Level 2.9 Long Blades
 + Level 1.5 Armour
 + Level 2.5 Dodging
 * Level 1.2 Spellcasting
 * Level 1.2 Conjurations
 * Level 1.2 Hexes
   Level 0.0 Charms
 * Level 1.2 Summonings
 * Level 1.2 Necromancy
 * Level 1.2 Translocations
   Level 0.0 Transmutations
 * Level 1.2 Fire Magic
 * Level 1.2 Ice Magic
 * Level 1.2 Air Magic
 * Level 1.2 Earth Magic
 * Level 1.2 Alchemy


You knew the following spells:

 Your Spells              Type           Power      Damage    Failure   Level
a - Sandblast             Erth           6%         2d5       24%         1
Your spell library was empty.

Dungeon Overview and Level Annotations

Branches:
Dungeon (2/15)

Altars:


Innate Abilities, Weirdness & Mutations

You are immune to sickness and miasma.
You are immune to poison.
Your flesh is very heat resistant. (rF++)
You are vulnerable to cold. (rC-)
You float through the air rather than walking.
You learn spells naturally, not from books.
Your magical power is your life essence.
You have superior vitality. (+4 MHP)
You have supernaturally acute eyesight. (SInv)
Your body sometimes deteriorates upon taking damage.
You are very frail. (-20% HP)
Potions are less effective at restoring your health.
You occasionally lose the ability to read scrolls when taking damage.
Your health recovers twice as slowly from being drained.


Message History

You start waiting.
Done waiting.
You start waiting. "Go forth and redecorate, my child!"
You are now a toy of Xom.
You start waiting.
Xom's attention almost turns to you for a moment.
Your helmet leaps into the air, briefly spins, then lands back on your head!
You start waiting.
Your trail of clouds dissipates.
You start waiting.
Xom's attention almost turns to you for a moment.
Your helmet leaps into the air, briefly spins, then lands back on your head!
You start waiting.
Done waiting.
You start waiting.
Done waiting.
You start waiting.
Xom makes a sudden noise!
You hear a twanging sound.
You are now a very special plaything of Xom.
You start waiting.
Done waiting.
You start waiting.
Done waiting.
You start waiting.
Done waiting.
You start waiting.
Done waiting.
You start waiting.
Done waiting.
You start waiting.
Done waiting.
You start waiting.
Xom's power brushes against you for a moment.
Your body is suffused with distortional energy.
You feel a little more calm.
You feel frail.
You regain control of your magic.
You occasionally lose the ability to read scrolls when taking damage.
You start waiting.
Done waiting.
Are you sure you want to abandon this character and quit the game? (Confirm with "yes".)

####### #.....# #.###.#
##############
#.###.####...@........#
#.#........##########.#
#÷#.#.###### #.#
#÷#.#.# ###.####
#.....# #......#
###.### #.#.##.#
#.#############
#.#.##.#
#......#......#
#.#....#
######.#......#
#.####.#


There were no monsters in sight!

Vanquished Creatures
  An adder (D:2)
  2 dart slugs
  3 ball pythons (D:1)
  2 bats
  2 endoplasms
  5 goblins
  2 hobgoblins
  3 jackals (D:1)
  A kobold (D:1)
  2 quokkas
  5 frilled lizards
  3 rats
31 creatures vanquished.

Notes
Turn   | Place    | Note
-------+----------+-------------------------------------------
     0 | D:1      | Xavori the Djinni Chaos Knight began the quest for the Orb.
     0 | D:1      | Reached XP level 1. HP: 20/20 MP: 0/0
    38 | D:1      | XOM: smoke on damage
   125 | D:1      | Reached XP level 2. HP: 23/25 MP: 0/0
   329 | D:1      | XOM: silly message
   403 | D:1      | Reached XP level 3. HP: 29/30 MP: 0/0
   403 | D:1      | Learned a level 1 spell: Sandblast
   474 | D:1      | Reached skill level 1 in Spellcasting
   474 | D:1      | Reached skill level 1 in Conjurations
   474 | D:1      | Reached skill level 1 in Hexes
   474 | D:1      | Reached skill level 1 in Summonings
   474 | D:1      | Reached skill level 1 in Necromancy
   474 | D:1      | Reached skill level 1 in Translocations
   474 | D:1      | Reached skill level 1 in Fire Magic
   474 | D:1      | Reached skill level 1 in Ice Magic
   474 | D:1      | Reached skill level 1 in Air Magic
   474 | D:1      | Reached skill level 1 in Earth Magic
   474 | D:1      | Reached skill level 1 in Alchemy
   504 | D:1      | XOM: chaos upgrade
  1715 | D:1      | XOM: divination: detect creatures
  1904 | D:1      | XOM: stat loss: -1 Dex (13/14)
  1995 | D:1      | XOM: stat loss: -1 Int (12/13)
  2052 | D:1      | XOM: god gift: Xom's Grimoire of Failure {god gift}
  2968 | D:1      | XOM is BORED!
  2968 | D:1      | XOM: give mutations
  2968 | D:1      | Gained mutation: You sometimes lose your temper in combat.
                  | [Xom's mischief]
  2968 | D:1      | Gained mutation: Armour fits poorly on your strangely
                  | shaped body. [Xom's mischief]
  2968 | D:1      | Gained mutation: Your flesh is almost immune to the effects
                  | of heat. (rF+++) [Xom's mischief]
  2968 | D:1      | Gained mutation: Your body sometimes deteriorates upon
                  | taking damage. [Xom's mischief]
  2989 | D:1      | XOM: silly message
  3496 | D:1      | XOM: divination: detect creatures
  4481 | D:1      | XOM: give mutations
  4481 | D:1      | Gained mutation: You occasionally shout uncontrollably at
                  | your foes. [Xom's mischief]
  4481 | D:1      | Gained mutation: You have very sharp teeth. [Xom's
                  | mischief]
  4481 | D:1      | Lost mutation: Armour fits poorly on your strangely shaped
                  | body. [Xom's mischief]
  4481 | D:1      | Gained mutation: Potions are less effective at restoring
                  | your health. [Xom's mischief]
  4875 | D:1      | XOM: summons 2 hostile demons
  4876 | D:1      | Noticed an orange demon
  4995 | D:1      | XOM: summons 2 hostile demons
  5168 | D:1      | XOM: draining
  5244 | D:1      | XOM: summons 2 hostile demons
  5308 | D:1      | XOM: stat loss: -1 Str (10/11)
  5697 | D:1      | XOM: give mutations
  5697 | D:1      | Lost mutation: You occasionally shout uncontrollably at
                  | your foes. [Xom's mischief]
  5697 | D:1      | Gained mutation: Your body often deteriorates upon taking
                  | damage. [Xom's mischief]
  5697 | D:1      | Gained mutation: Your mind is acute. (Int +4, Str/Dex -1)
                  | [Xom's mischief]
  5697 | D:1      | Gained mutation: Your health recovers twice as slowly from
                  | being drained. [Xom's mischief]
  6376 | D:1      | XOM: give mutations
  6376 | D:1      | Lost mutation: Your mind is acute. (Int +4, Str/Dex -1)
                  | [Xom's mischief]
  6376 | D:1      | Lost mutation: You sometimes lose your temper in combat.
                  | [Xom's mischief]
  6376 | D:1      | Gained mutation: You are frail. (-10% HP) [Xom's mischief]
  6543 | D:1      | XOM is BORED!
  6543 | D:1      | XOM: give mutations
  6543 | D:1      | Gained mutation: You sometimes lose your temper in combat.
                  | [Xom's mischief]
  6543 | D:1      | Lost mutation: You have very sharp teeth. [Xom's mischief]
  6543 | D:1      | Lost mutation: Your flesh is almost immune to the effects
                  | of heat. (rF+++) [Xom's mischief]
  6543 | D:1      | Gained mutation: You have supernaturally acute eyesight.
                  | (SInv) [Xom's mischief]
  6588 | D:1      | XOM: summons 2 hostile demons
  6730 | D:1      | XOM: give mutations
  6730 | D:1      | Gained mutation: Your spells are a little harder to cast,
                  | but a little more powerful. [Xom's mischief]
  6730 | D:1      | Lost mutation: Your body often deteriorates upon taking
                  | damage. [Xom's mischief]
  7318 | D:1      | XOM: stat loss: -1 Str (9/11)
  8336 | D:1      | XOM: stat loss: -1 Str (8/11)
  8779 | D:1      | XOM: summons 2 hostile demons
  9165 | D:1      | XOM: cloud trail
  9190 | D:1      | XOM: silly message
  9273 | D:1      | XOM: silly message
  9513 | D:1      | XOM: noise
 10195 | D:1      | XOM: give mutations
 10195 | D:1      | Lost mutation: You sometimes lose your temper in combat.
                  | [Xom's mischief]
 10195 | D:1      | Gained mutation: You are very frail. (-20% HP) [Xom's
                  | mischief]
 10195 | D:1      | Lost mutation: Your spells are a little harder to cast, but
                  | a little more powerful. [Xom's mischief]
 10195 | D:1      | Gained mutation: You occasionally lose the ability to read
                  | scrolls when taking damage. [Xom's mischief]
 10296 | D:1      | Quit the game

Illustrated notes

Levels and vault maps discovered:
D:1:      lightli_arrival_flooded_house, layout_loops_cross
D:2:      layout_loops_cross, minmay_circle_x, uniq_crazy_yiuf_cottage

Skill      XL: |  1  2  3 |
---------------+----------+-----
Spellcasting   | 1 |  1.2
Conjurations   | 1 |  1.2
Hexes          | 1 |  1.2
Summonings     | 1 |  1.2
Necromancy     | 1 |  1.2
Translocations | 1 |  1.2
Fire Magic     | 1 |  1.2
Ice Magic      | 1 |  1.2
Air Magic      | 1 |  1.2
Earth Magic    | 1 |  1.2
Alchemy        | 1 |  1.2
Fighting       | |  3.2
Long Blades    | |  2.9
Armour         | |  1.5
Dodging        | |  2.5

Action                     || total
---------------------------++-------
  Melee: Falchion          ||    86
         Punch             ||     2
         Bite              ||     1
   Stab: Sleeping          ||     1
         Petrified         ||     7
 Armour: Leather armour    ||    51
  Dodge: Dodged            ||    63

Table legend: (Time is in decaauts)
 A = Elapsed time spent in this place.
 B = Non-inter-level travel time spent in this place.
 C = Inter-level travel time spent in this place.
 D = Time resting spent in this place.
 E = Time spent auto-exploring this place.
 F = Levels seen in this place.
 G = Mean time per level.
                   A        B        C        D        E       F      G
               +--------+--------+--------+--------+--------+-----+--------+
         Total |  10304 |  10293 |     11 |   9533 |    522 |   2 | 5152.0 |
       Dungeon |  10304 |  10293 |     11 |   9533 |    522 |   2 | 5152.0 |
               +--------+--------+--------+--------+--------+-----+--------+

Top non-repeatable levels by time:
     D:1: 9657 daAuts
     D:2: 647 daAuts
